 Dungeon Crawl Stone Soup version 0.29.0-4-gdea44cf6ec (webtiles) character file.

Game seed: 3576551477661956340

53 qw the Ruffian (level 3, -1/28 HPs)
             Began as a Ghoul Fire Elementalist on Aug 29, 2022.
             Killed by divine providence
             ... invoked by an orc priest
              (11 damage)
             ... on level 3 of the Dungeon.
             The game lasted 00:01:33 (1910 turns).

qw the Ruffian (Ghoul Fire Elementalist)            Turns: 1910, Time: 00:01:34

Health: -1/28      AC: 11    Str: 13    XL:     3   Next: 89%
Magic:  4/4        EV:  3    Int: 10    God:
Gold:   110        SH:  0    Dex:  9    Spells: 4/5 levels left

rFire   . . .      SeeInvis .     - Unarmed
rCold   + . .      Faith    .   (no shield)
rNeg    + + +      Spirit   .   i - +0 plate armour
rPois   inf        Reflect  .   (no helmet)
rElec   .          Harm     .   (no cloak)
rCorr   .          Rampage  .   (no gloves)
Will    .....                   g - +0 pair of boots
Stlth   ..........              (no amulet)
HPRegen 0.00/turn               (no ring)
MPRegen 0.09/turn               (no ring)

@: inhibited regen
A: claws 1, cold resistance 1, negative energy resistance 3, inhibited
regeneration, torment resistance 2, devour on kill
a: no special abilities


You were on level 3 of the Dungeon.
You visited 1 branch of the dungeon, and saw 3 of its levels.

You collected 110 gold pieces.


Innate Abilities, Weirdness & Mutations

You are immune to poison.
You have sharp fingernails.
Your flesh is cold resistant. (rC+)
You are immune to negative energy. (rN+++)
You do not regenerate when monsters are visible.
You are immune to unholy pain and torment.
You thrive by killing the living.


   Skills:
 - Level 1.2 Fighting
 - Level 1.0 Armour
 - Level 1.7 Dodging
 - Level 2.1 Stealth
 + Level 3.0 Unarmed Combat
 - Level 1.7 Spellcasting
 - Level 0.7 Conjurations
 - Level 2.4 Fire Magic


You had 4 spell levels left.
You knew the following spells:

 Your Spells              Type           Power      Damage    Failure   Level
a - Foxfire               Conj/Fire      16%        2x1d4     100%        1

Your spell library contained the following spells:

 Spells                   Type           Power      Damage    Failure   Level
 Scorch                   Fire           10%        2d5       100%        2
 Conjure Flame            Conj/Fire      4%         6-21      100%        3
 Inner Flame              Hex/Fire       3%         N/A       100%        3
 Flame Wave               Conj/Fire      4%         2d5       100%        4

Inventory:

Missiles
 a - 4 boomerangs (quivered)
Armour
 g - a +0 pair of boots (worn)
 i - a +0 plate armour (worn)
Scrolls
 d - a scroll of identify
Potions
 b - a potion of resistance {unknown}
 f - a potion of heal wounds {unknown}
 h - a potion of attraction {unknown}

Dungeon Overview and Level Annotations

Branches:
Dungeon (3/15)

Altars:

Shops:
D:2 (


Message History

The boomerang hits the orc but does no damage.
You scratch the orc.
The orc is heavily wounded.
An orc priest comes into view. It is wielding a +0 club.
The orc hits you but does no damage.
You barely miss the orc.
The orc is heavily wounded.
The orc priest shouts!
The orc hits you but does no damage.
You closely miss the orc.
The orc is heavily wounded.
An orc comes into view. It is wielding a +0 hand axe.
The orc hits you but does no damage.
The orc shouts!
You scratch the orc.
You kill the orc!
The orc priest looks encouraged for a moment.
Your Armour skill increases to level 1!
1904 ||| Stepping ~*~*~tactically~*~*~ (hiding).
A kobold and an orc come into view.
An orc comes into view. It is wielding a +0 short sword.
The orc shouts!
The orc hits you with a +0 hand axe.
You scratch the orc.
The orc is lightly wounded.
The orc hits you but does no damage.
The orc complains noisily.
You closely miss the orc.
The orc is lightly wounded.
The orc priest hits you but does no damage.
1908 ||| Stepping ~*~*~tactically~*~*~ (outnumbered).
The orc priest hits you with a +0 club.
Items here: %% )) [[.
1909 ||| Stepping ~*~*~tactically~*~*~ (outnumbered).
The orc priest invokes the aid of Beogh against you.
Beogh smites you!
You closely miss the orc priest.
The orc priest invokes the aid of Beogh against you.
Beogh smites you!
You die...

#. #.# ..##.#
#.##.# #o##.#
#.##.# #.##.#
#o##.# #Koo@#
#..o.#
#############.#.##
.....<........#?#
###############.#
#.# #.# #.# #.#


You could see an orc priest, 3 orcs and a kobold.

Vanquished Creatures
  A worm (D:2)
  A dart slug (D:1)
  2 orcs (D:3)
  A ball python (D:1)
  7 endoplasms
  A goblin (D:1)
  6 hobgoblins
  3 jackals (D:2)
  8 bats
  7 kobolds
  6 rats
43 creatures vanquished.

Notes
Turn   | Place    | Note
-------+----------+-------------------------------------------
     0 | D:1      | qw the Ghoul Fire Elementalist began the quest for the Orb.
     0 | D:1      | Reached XP level 1. HP: 14/14 MP: 2/2
     0 | D:1      | 0 ||| qw: Version: 0.1-a-90-g952f4b7
     0 | D:1      | 0 ||| qw: Game counter: 3924
     0 | D:1      | 0 ||| qw: Always use a shield: true
     0 | D:1      | 0 ||| qw: God list: Okawaru
     0 | D:1      | 0 ||| qw: Allow faded altars: false
     0 | D:1      | 0 ||| qw: Do Orc after D:15 true
     0 | D:1      | 0 ||| qw: Do second Lair branch before Depths: true
     0 | D:1      | 0 ||| qw: Lair rune preference: random
     0 | D:1      | 0 ||| qw: Plans: Normal
     0 | D:1      | 0 ||| PLANNING D:1-11
     4 | D:1      | Found a faded altar of an unknown god.
   281 | D:1      | Reached skill level 1 in Unarmed Combat
   301 | D:1      | 301 ||| Stepping ~*~*~tactically~*~*~ (stealth).
   307 | D:1      | Reached skill level 1 in Fighting
   307 | D:1      | Reached XP level 2. HP: 23/23 MP: 3/3
   611 | D:1      | 611 ||| Stepping ~*~*~tactically~*~*~ (stealth).
   615 | D:1      | 615 ||| Stepping ~*~*~tactically~*~*~ (stealth).
   877 | D:1      | 877 ||| UPGRADING to +0 pair of boots.
   882 | D:1      | 882 ||| UPGRADING to +0 plate armour.
   892 | D:1      | 892 ||| DROPPING +0 robe.
   893 | D:1      | 893 ||| DROPPING ring of magical power.
   894 | D:1      | 894 ||| READING 2 scrolls labelled EHAHEITTIWEI.
   895 | D:1      | 895 ||| READING 2 scrolls labelled ASHAESTU ACI.
   899 | D:1      | 899 ||| READING scroll labelled QYTITESTRIBLY.
   900 | D:1      | 900 ||| DROPPING potion of magic.
   915 | D:2      | Found Riyts's Antique Weapon Shop.
   926 | D:2      | Reached skill level 2 in Unarmed Combat
   977 | D:2      | 977 ||| Stepping ~*~*~tactically~*~*~ (outnumbered).
   979 | D:2      | 979 ||| Stepping ~*~*~tactically~*~*~ (outnumbered).
   981 | D:2      | 981 ||| Stepping ~*~*~tactically~*~*~ (outnumbered).
  1060 | D:2      | 1060 ||| Stepping ~*~*~tactically~*~*~ (hiding).
  1065 | D:2      | 1065 ||| STAIRDANCE
  1070 | D:1      | Reached XP level 3. HP: 21/28 MP: 4/4
  1156 | D:2      | 1156 ||| STAIRDANCE
  1480 | D:2      | 1480 ||| Stepping ~*~*~tactically~*~*~ (stealth).
  1624 | D:2      | 1624 ||| READING scroll of teleportation.
  1709 | D:2      | 1709 ||| Stepping ~*~*~tactically~*~*~ (stealth).
  1769 | D:2      | Reached skill level 3 in Unarmed Combat
  1777 | D:2      | 1777 ||| Stepping ~*~*~tactically~*~*~ (outnumbered).
  1778 | D:2      | 1778 ||| Stepping ~*~*~tactically~*~*~ (outnumbered).
  1787 | D:2      | 1787 ||| Stepping ~*~*~tactically~*~*~ (stealth).
  1789 | D:2      | 1789 ||| Stepping ~*~*~tactically~*~*~ (stealth).
  1838 | D:2      | 1838 ||| Stepping randomly (stuck).
  1904 | D:3      | Reached skill level 1 in Armour
  1904 | D:3      | 1904 ||| Stepping ~*~*~tactically~*~*~ (hiding).
  1908 | D:3      | 1908 ||| Stepping ~*~*~tactically~*~*~ (outnumbered).
  1909 | D:3      | 1909 ||| Stepping ~*~*~tactically~*~*~ (outnumbered).
  1910 | D:3      | Killed from afar by an orc priest

Levels and vault maps discovered:
D:1:      dpeg_arrival_pond, layout_loops_ring,
          hellmonk_ecumenical_altar_blasted
D:2:      layout_loops_cross, serial_shops, nicolae_square_shop,
          kennysheep_potato
D:3:      wad_crossroads, layout_loops_ring, nicolae_overflow_hidden_temple,
          hangedman_decor_growths, minmay_misc_feat_square

Skill      XL: |  1  2  3 |
---------------+----------+-----
Unarmed Combat | 1 2 3 |  3.0
Fighting       | 1 |  1.2
Armour         | 1 |  1.0
Dodging        | |  1.7
Stealth        | |  2.1
Spellcasting   | |  1.7
Conjurations   | |  0.7
Fire Magic     | |  2.4

Action                   || total
-------------------------++-------
Melee: Unarmed           ||   131
       Punch             ||     2
Throw: Boomerang         ||    49
  Use: Scroll            ||     4
Armor: Robe              ||     8
       Plate armour      ||    69
Dodge: Dodged            ||    29

Table legend:
 A = Non-vault XP
 B = Vault XP
 C = Vault XP percentage of total XP
 D = Non-vault monster count
 E = Vault monster count
 F = Vault count percentage of total count
                 A         B        C        D         E       F
            +---------+---------+-------+---------+---------+-------
      Total |      68 |       9 |  11.7 |      40 |       3 |   7.0
            +---------+---------+-------+---------+---------+-------
        D:1 |      29 |       0 |   0.0 |      18 |       0 |   0.0
        D:2 |      33 |       9 |  21.4 |      20 |       3 |  13.0
        D:3 |       6 |       0 |   0.0 |       2 |       0 |   0.0
            +---------+---------+-------+---------+---------+-------
